 Dungeon Crawl Stone Soup version 0.29.0-11-gd7f09526c8 (webtiles) character file.

Game seed: 976145583231852831

418 gelatine the Chopper (level 6, -7/46 HPs)
             Began as a Demonspawn Gladiator on Sept 3, 2022.
             Was a Follower of Wu Jian.
             Mangled by an acid dragon (11 damage)
             ... on level 6 of the Dungeon.
             The game lasted 00:06:54 (4176 turns).

gelatine the Chopper (Demonspawn Gladiator)         Turns: 4176, Time: 00:06:55

Health: -7/46      AC:  5    Str: 16    XL:     6   Next: 61%
Magic:  6/6        EV: 17    Int: 16    God:    Wu Jian [*.....]
Gold:   279        SH:  5    Dex: 14    Spells: 5/5 levels left

rFire   . . .      SeeInvis .   a - +0 war axe
rCold   . . .      Faith    .   (no shield)
rNeg    . . .      Spirit   .   k - +0 ring mail
rPois   .          Reflect  +   c - +0 helmet
rElec   .          Harm     .   q - +2 cloak
rCorr   .          Rampage  .   (no gloves)
Will    .....                   (no boots)
Stlth   +.........              r - amulet of reflection
HPRegen 0.15/turn               n - +6 ring of intelligence
MPRegen 0.10/turn               (no ring)

@: agile, corroded
A: hooves 1, powered by pain 2
a: Renounce Religion


You were on level 6 of the Dungeon.
You worshipped Wu Jian.
Wu Jian was aware of your devotion.
You visited 2 branches of the dungeon, and saw 7 of its levels.

You collected 279 gold pieces.

Inventory:

Hand Weapons
 a - a +0 war axe (weapon)
 l - a +0 longbow
Missiles
 d - 3 throwing nets (quivered)
 e - a javelin
 j - 3 atropa-tipped darts
Armour
 c - a +0 helmet (worn)
 k - a +0 ring mail (worn)
 q - a +2 cloak (worn)
Jewellery
 b - a ring of ice
 n - a +6 ring of intelligence (left hand)
 r - an amulet of reflection (around neck)
Scrolls
 f - 3 scrolls of identify {unknown}
 h - a scroll of enchant armour {unknown}
 m - 2 scrolls of immolation {unknown}
 t - a scroll of vulnerability {unknown}
 v - a scroll of fear {unknown}
Potions
 g - 2 potions of degeneration {unknown}
 i - a potion of resistance {unknown}
 o - 2 potions of curing {unknown}
 p - a potion of cancellation {unknown}
 s - 2 potions of mutation {unknown}
 u - a potion of ambrosia {unknown}
 w - a potion of might {unknown}


   Skills:
 + Level 2.8 Fighting
 + Level 5.4 Axes
 + Level 1.8 Throwing
 + Level 2.2 Armour
 + Level 3.6 Dodging
 + Level 0.4 Stealth
 + Level 0.2 Shields


You had 5 spell levels left.
You didn't know any spells.
Your spell library contained the following spells:

 Spells                   Type           Power      Damage    Failure   Level
 Poisonous Vapours        Pois/Air       0%         N/A       56%         2
 Corpse Rot               Necr/Pois/Air  0%         N/A       99%         4


Dungeon Overview and Level Annotations

Branches:
Dungeon (6/15)             Temple (1/1) D:5

Altars:
Ashenzari
Cheibriados
Fedhas
Gozag
Hepliaklqana
Kikubaaqudgha
Makhleb
Nemelex Xobeh
Okawaru
Qazlal
Sif Muna
Uskayaw
Vehumet
Wu Jian
Yredelemnul

Shops:
D:3 =


Innate Abilities, Weirdness & Mutations

You have large cloven feet.
You sometimes gain power by taking damage.


Message History

You open the door.
There is an open door here.
There is a stone staircase leading down here.
There is a stone staircase leading down here.
You climb downwards.
You hear the sound of rushing water.
There is an entrance to a sewer on this level.
Hurry and find it before the portal rusts away!
There is a stone staircase leading up here.
Found 6 boomerangs.
An acid dragon comes into view.
The acid dragon roars!
The acid dragon spits acid at you. The splash of acid hits you!
The acid corrodes you!
You hear a shout!
An ice beast comes into view.
Found 20 gold pieces and a club.
You hit the acid dragon.
The acid dragon is lightly wounded.
You block the acid dragon's attack. The acid dragon claws you.
You barely miss the acid dragon.
The acid dragon is lightly wounded.
The acid dragon bites you but does no damage.
The acid dragon barely misses you.
You closely miss the acid dragon.
You kick the acid dragon, but do no damage.
The acid dragon is lightly wounded.
The acid dragon spits acid at you. The splash of acid hits you!!
Ouch! That really hurt!
* * * LOW HITPOINT WARNING * * *
You focus on the pain.
You feel agile all of a sudden. The acid corrodes you!
You hit the acid dragon.
The acid dragon is lightly wounded.
You slash the ice beast! The ice beast completely misses you.
The acid dragon bites you!
* * * LOW HITPOINT WARNING * * *
The acid dragon completely misses you. The acid dragon bites you!
You die...

#.# .......
#.#.........#
#.#.........#
#<#.........#
#.#.........#
#.##.......##
#...........#
##..........#
#..Y@D....$#
#...........
#..............
..#.............
............#..
..#....#........
..##..##.#.###..
#++ #.#)# #.


You could see an acid dragon (catching breath) and an ice beast.

Vanquished Creatures
  Menkaure (D:5)
  A scorpion (D:5)
  2 hounds (D:5)
  A jelly (D:5)
  An orc priest (D:5)
  3 adders
  A shadow imp (D:5)
  A worm (D:3)
  A dart slug (D:1)
  4 orcs (D:5)
  5 ball pythons (D:1)
  5 endoplasms
  4 giant cockroaches
  4 goblins (D:1)
  4 hobgoblins
  2 jackals (D:1)
  5 quokkas
  6 bats
  3 frilled lizards
  7 kobolds
  4 rats
65 creatures vanquished.

Notes
Turn   | Place    | Note
-------+----------+-------------------------------------------
     0 | D:1      | gelatine the Demonspawn Gladiator began the quest for the
                  | Orb.
     0 | D:1      | Reached XP level 1. HP: 16/16 MP: 1/1
    24 | D:1      | Reached skill level 3 in Axes
   283 | D:1      | Gained mutation: You sometimes gain a little power by
                  | taking damage. [demonic ancestry]
   283 | D:1      | Reached XP level 2. HP: 21/22 MP: 2/2
   746 | D:1      | Reached XP level 3. HP: 27/27 MP: 3/3
   754 | D:1      | Found a faded altar of an unknown god.
   767 | D:1      | Prayed at the altar of an unknown god.
   767 | D:1      | Became a worshipper of the Wu Jian Council
   767 | D:1      | Reached * piety under Wu Jian
  1764 | D:2      | Gained mutation: You sometimes gain power by taking damage.
                  | [demonic ancestry]
  1764 | D:2      | Reached XP level 4. HP: 33/34 MP: 4/4
  2348 | D:3      | Found Woter's Jewellery Boutique.
  2658 | D:4      | You fall into a shaft and drop 1 floor!
  2658 | D:5      | Entered Level 5 of the Dungeon
  2659 | D:5      | Noticed Menkaure
  2670 | D:5      | Killed Menkaure
  2671 | D:5      | Reached skill level 4 in Axes
  2671 | D:5      | Reached skill level 1 in Armour
  2671 | D:5      | Gained mutation: You have large cloven feet. [demonic
                  | ancestry]
  2671 | D:5      | Reached XP level 5. HP: 33/39 MP: 5/5
  2939 | D:5      | Found a burning altar of Makhleb.
  3087 | D:5      | Reached skill level 5 in Axes
  3087 | D:5      | Reached XP level 6. HP: 39/46 MP: 6/6
  3138 | D:5      | Found a staircase to the Ecumenical Temple.
  3151 | Temple   | Entered the Ecumenical Temple
  3379 | D:5      | Found a radiant altar of Vehumet.
  4169 | D:6      | Noticed an acid dragon
  4170 | D:6      | Noticed an ice beast
  4176 | D:6      | Mangled by an acid dragon

Illustrated notes

Levels and vault maps discovered:
D:1:      psy_arrival_dodecagon, layout_loops_ring,
          shapermc_ecumenical_altar_venn
D:2:      layout_loops_ring
D:3:      layout_basic, serial_glass, glass_columns_a, glass_columns_a,
          serial_shops, shop
D:4:      layout_rooms, nicolae_ru_sacrificial_ziggurat, grunt_ministairs_3,
          st_stairs_2, nicolae_figureground_sparkle, uniq_grinder
D:5:      layout_loops_corners, lemuel_tele_altar, makhleb_heckhound_becter,
          kennysheep_mini_moat, minmay_temple_entry_proselytizer,
          kennysheep_small_spiral, uniq_menkaure
D:6:      layout_rooms, gammafunk_temple_overflow_wave, portal_sewer_entry_a
Temple:   nicolae_temple_no_exploring_needed

Skill      XL: |  1  2  3  4  5  6 |
---------------+-------------------+-----
Axes           | 3 4 5 |  5.4
Dodging        | 3 |  3.6
Armour         | 1 2 |  2.2
Fighting       | |  2.8
Throwing       | |  1.8
Stealth        | |  0.4
Shields        | |  0.2

Action                   |  1- 3 |  4- 6 || total
-------------------------+-------+-------++-------
Melee: War axe           |   114 |    85 ||   199
       Punch             |     1 |     1 ||     2
       Kick              |       |    19 ||    19
Invok: Lunge             |     5 |     4 ||     9
       Whirlwind         |     3 |     1 ||     4
Armor: Leather armour    |    31 |       ||    31
       Ring mail         |    12 |    33 ||    45
Dodge: Dodged            |    92 |    40 ||   132
Block: Other             |       |    13 ||    13
